 Dungeon Crawl Stone Soup version 0.30-a0-122-g2a1322497e (webtiles) character file.

Game seed: 4144618905688550944

3 Argons the Vexing (level 1, 12/12 HPs)
             Began as a Gargoyle Hexslinger on Sept 17, 2022.
             Quit the game on level 1 of the Dungeon on Jan 23, 2023.
             The game lasted 00:03:47 (201 turns).

Argons the Vexing (Gargoyle Hexslinger)              Turns: 201, Time: 00:03:47

Health: 12/12      AC:  4    Str: 13    XL:     1   Next: 50%
Magic:  2/2        EV: 11    Int: 13    God:
Gold:   0          SH:  0    Dex: 10    Spells: 1/2 levels left

rFire   . . .      SeeInvis .    a - +1 sling
rCold   . . .      Faith    .    (no shield)
rNeg    + . .      Spirit   .    c - +0 robe
rPois   ∞          Reflect  .    (no helmet)
rElec   +          Harm     .    (no cloak)
rCorr   .          Rampage  .    (no gloves)
Will    .....                    (no boots)
Stlth   +.........               (no amulet)
HPRegen 0.04/turn                (no ring)
MPRegen 0.08/turn                (no ring)

@: no status effects
A: sickness immunity, AC +2, negative energy resistance 1, electricity
resistance, torment resistance 1, petrification resistance
a: no special abilities


You were on level 1 of the Dungeon.
You visited 1 branch of the dungeon, and saw 1 of its levels.

Inventory:

Hand Weapons
 a - a +1 sling (weapon)
 f - a +0 club
Missiles
 e - 5 curare-tipped darts
Armour
 c - a +0 robe (worn)
Scrolls
 b - 2 scrolls of poison
 d - a scroll of identify {unknown}


   Skills:
 - Level 1.1 Fighting
 + Level 1.0 Maces & Flails
 - Level 2.0 Ranged Weapons
 - Level 1.5 Dodging
 - Level 1.0 Spellcasting
 - Level 2.6 Hexes


You had one spell level left.
You knew the following spells:

 Your Spells              Type           Power      Damage    Failure   Level
a - Slow                  Hex            28%        N/A       10%         1

Your spell library contained the following spells:

 Spells                   Type           Power      Damage    Failure   Level
 Inner Flame              Hex/Fire       4%         N/A       43%         3
 Portal Projectile        Hex/Tloc       8%         N/A       43%         3
 Cause Fear               Hex            3%         N/A       67%         4
 Airstrike                Air            0%         2d(0-16)  95%         4
 Summon Lightning Spire   Summ/Air       0%         N/A       95%         4
 Lightning Bolt           Conj/Air       0%         1d11      100%        5


Dungeon Overview and Level Annotations

Branches:
Dungeon (1/15)

Altars:


Innate Abilities, Weirdness & Mutations

You are immune to sickness and miasma.
Your stone body is resilient. (AC +2)
You are immune to poison.
You resist negative energy. (rN+)
You are resistant to electric shocks. (rElec)
You are resistant to unholy torment.
You are immune to petrification.


Message History

The goblin is severely wounded.
Fire: a) +1 sling
Press: ? - help, Q - select action, (/) - cycle Shift-Dir - straight line, f/p - goblin
Aim: a goblin, wielding a +0 dagger (severely wounded, 45% to hit)
You shoot a sling bullet.
The sling bullet closely misses the goblin.
Fire: a) +1 sling
Press: ? - help, Q - select action, (/) - cycle Shift-Dir - straight line, f/p - goblin
Aim: a goblin, wielding a +0 dagger (severely wounded, 45% to hit)
You shoot a sling bullet. The sling bullet hits the goblin.
You kill the goblin!
Things that are here:
a +0 dagger; a goblin corpse A rat comes into view.
Fire: a) +1 sling
Press: ? - help, Q - select action, (/) - cycle Shift-Dir - straight line, f - rat
Aim: a rat (54% to hit)
You shoot a sling bullet. The sling bullet hits the rat.
You kill the rat!
You see here a rat corpse.
Found a scroll of poison.
b - 2 scrolls of poison (gained 1)
A kobold comes into view. It is wielding a +0 club.
Fire: a) +1 sling
Press: ? - help, Q - select action, (/) - cycle Shift-Dir - straight line, f - kobold
Aim: a kobold, wielding a +0 club and quivering stones (asleep, 98% to hit)
You shoot a sling bullet. The sling bullet hits the kobold!
You kill the kobold!
Your Maces & Flails skill increases to level 1!
Found a book of Storms.
Things that are here:
a +0 club; 4 stones; a kobold corpse
f - a +0 club You pick up a book of Storms and begin reading...
You add the spells Airstrike, Summon Lightning Spire and Lightning Bolt to your library.
Things that are here:
4 stones; a kobold corpse Welcome back, Argons the Gargoyle Hexslinger.
Press ? for a list of commands and other information.
Are you sure you want to abandon this character and quit the game? (Confirm with "yes".)

########
#......# #@#
##.# #..#
########..#
#.........# #
#.#####...##...#
#.#...#.......#
#.#.#.#.#.##..#
#.#.#.#.#.# .#


There were no monsters in sight!

Vanquished Creatures
  A goblin (D:1)
  A kobold (D:1)
  A rat (D:1)
3 creatures vanquished.

Notes
Turn   | Place    | Note
-------+----------+-------------------------------------------
     0 | D:1      | Argons the Gargoyle Hexslinger began the quest for the Orb.
     0 | D:1      | Reached XP level 1. HP: 12/12 MP: 2/2
   159 | D:1      | Reached skill level 1 in Maces & Flails
   201 | D:1      | Quit the game

Illustrated notes

Levels and vault maps discovered:
D:1:      tarquinn_simple_flora_water_f, layout_basic,
          dreamdust_ecumenical_altar_statues, serial_forest,
          infiniplex_forest_end_2, infiniplex_forest_lined_2,
          infiniplex_forest_clump_small, infiniplex_forest_clump_small,
          infiniplex_forest_clump_long, infiniplex_forest_lined_3_way,
          infiniplex_forest_lined_corner, infiniplex_forest_clump_C,
          infiniplex_forest_lined_room_2, infiniplex_forest_clump_tiny,
          chequers_decorated_corner

Skill      XL: |  1 |
---------------+----+-----
Maces & Flails | 1 |  1.0
Fighting       | |  1.1
Ranged Weapons | |  2.0
Dodging        | |  1.5
Spellcasting   | |  1.0
Hexes          | |  2.6

Action                   || total
-------------------------++-------
 Fire: Sling             ||     6

Table legend: (Time is in decaauts)
 A = Elapsed time spent in this place.
 B = Non-inter-level travel time spent in this place.
 C = Inter-level travel time spent in this place.
 D = Time resting spent in this place.
 E = Time spent auto-exploring this place.
 F = Levels seen in this place.
 G = Mean time per level.
                   A        B        C        D        E       F      G
               +--------+--------+--------+--------+--------+-----+--------+
         Total |    202 |    173 |     29 |      0 |      0 |   1 |  202.0 |
       Dungeon |    202 |    173 |     29 |      0 |      0 |   1 |  202.0 |
               +--------+--------+--------+--------+--------+-----+--------+

Top non-repeatable levels by time:
     D:1: 202 daAuts
